TOP OF THE 1ST |
Baltimore (APP) Orioles batting - Pitching for Oakland (APP) Athletics : RHP Brad Shafer
|
Pitching: RHP Brad Shafer
|
|
Batting: LHB Ralph Braine
|
0-0: Foul Ball, location: 2F 0-1: Fly out, F5 (Popup, 5S, EV 86.9 MPH)
|
Batting: RHB Tony Godley
|
0-0: Foul Ball, location: 2F 0-1: Ball 1-1: Ball 2-1: Foul Ball, location: 2F 2-2: Strikes out swinging
|
Batting: RHB Danny Baeza
|
0-0: Called Strike 0-1: Ball 1-1: Swinging Strike 1-2: Ground out U3 (Groundball, 23, EV 81.2 MPH)
|
Top of the 1st over - 0 runs, 0 hits, 0 errors, 0 left on base; Baltimore (APP) 0 - Oakland (APP) 0 |
BOTTOM OF THE 1ST |
Oakland (APP) Athletics batting - Pitching for Baltimore (APP) Orioles : RHP Fabiano Ceriani
|
Pitching: RHP Fabiano Ceriani
|
|
Batting: SHB Robert Santiago
|
0-0: DOUBLE (Flyball, 89D, EV 108.8 MPH)
|
Batting: RHB Colin Coleman
|
0-0: Ground out 5-3 (Groundball, 56, EV 83.8 MPH)
|
Batting: RHB Matt Black
|
0-0: Swinging Strike 0-1: Called Strike 0-2: Ball 1-2: Strikes out swinging
|
Batting: RHB Moses Brokken
|
0-0: Ball 1-0: Foul Ball, location: 2F 1-1: Swinging Strike 1-2: TRIPLE (Line Drive, 9D, EV 108.1 MPH) Robert Santiago scores
|
Batting: SHB John Cummings
|
0-0: Ball 1-0: Ball 2-0: Ball 3-0: Called Strike 3-1: Foul Ball, location: 2F 3-2: Foul Ball, location: 2F 3-2: Foul Ball, location: 2F 3-2: Foul Ball, location: 2F 3-2: Fly out, F7 (Line Drive, 7D, EV 84.4 MPH)
|
Bottom of the 1st over - 1 run, 2 hits, 0 errors, 1 left on base; Baltimore (APP) 0 - Oakland (APP) 1 |
TOP OF THE 2ND |
Baltimore (APP) Orioles batting - Pitching for Oakland (APP) Athletics : RHP Brad Shafer
|
Batting: RHB Mike Zepeda
|
0-0: Called Strike 0-1: Swinging Strike 0-2: Strikes out looking
|
Batting: LHB Tomas de Zeeuw
|
0-0: Ball 1-0: SINGLE (Groundball, 25, EV 70.6 MPH) (infield hit)
|
Batting: RHB Matt O'Dea
|
0-0: Fly out, F8 (Flyball, 8LD, EV 104.4 MPH)
|
Batting: RHB Matt Berrier
|
0-0: Foul Ball, location: 2F 0-1: Ball 1-1: Called Strike 1-2: Ball 2-2: Foul Ball, location: 2F 2-2: Ball 3-2: SINGLE (Groundball, 6MD, EV 98.1 MPH) Tomas de Zeeuw to second Tomas de Zeeuw to third
|
Batting: RHB Luis Tovar
|
0-0: Ball 1-0: Ball 2-0: Foul Ball, location: 2F 2-1: Foul Ball, location: 2F 2-2: Foul Ball, location: 2F 2-2: Ball 3-2: Base on Balls Matt Berrier to second
|
Batting: RHB Danny Ayala
|
0-0: Called Strike 0-1: Foul Ball, location: 2F 0-2: Foul Ball, location: 2F 0-2: Ball 1-2: Foul Ball, location: 2F 1-2: Ground out 4-3 (Groundball, 4, EV 83.1 MPH)
|
Top of the 2nd over - 0 runs, 2 hits, 0 errors, 3 left on base; Baltimore (APP) 0 - Oakland (APP) 1 |
BOTTOM OF THE 2ND |
Oakland (APP) Athletics batting - Pitching for Baltimore (APP) Orioles : RHP Fabiano Ceriani
|
Batting: LHB Miguel Torres
|
0-0: Called Strike 0-1: Foul Ball, location: 2F 0-2: Ball 1-2: Foul Ball, location: 2F 1-2: SINGLE (Line Drive, 9S, EV 106.9 MPH)
|
Batting: RHB Zack DiCicco
|
0-0: Called Strike 0-1: Ball 1-1: Ball 2-1: Fly out, F6 (Popup, 6, EV 62.5 MPH)
|
Batting: RHB Manny Vizzerra
|
0-0: Foul Ball, location: 2F 0-1: Foul Ball, location: 2F 0-2: Foul Ball, location: 2F 0-2: Ball 1-2: Strikes out swinging
|
Batting: RHB Brian Callaghan
|
0-0: Ball 1-0: Called Strike 1-1: Foul Ball, location: 2F 1-2: Ball Passed Ball! Miguel Torres to second 2-2: Ground out 6-3 (Groundball, 56, EV 97.5 MPH)
|
Bottom of the 2nd over - 0 runs, 1 hit, 0 errors, 1 left on base; Baltimore (APP) 0 - Oakland (APP) 1 |
TOP OF THE 3RD |
Baltimore (APP) Orioles batting - Pitching for Oakland (APP) Athletics : RHP Brad Shafer
|
Batting: LHB Ralph Braine
|
0-0: Ball 1-0: Called Strike 1-1: Ball 2-1: Foul Ball, location: 2F 2-2: Foul Ball, location: 2F 2-2: Ball 3-2: Fly out, F5 (Flyball, 5D, EV 96.2 MPH)
|
Batting: RHB Tony Godley
|
0-0: Ball 1-0: Fly out, F5 (Popup, 56S, EV 79.4 MPH)
|
Batting: RHB Danny Baeza
|
0-0: Called Strike 0-1: Called Strike 0-2: Ball 1-2: Ball 2-2: Fly out, F9 (Line Drive, 9D, EV 88.1 MPH)
|
Top of the 3rd over - 0 runs, 0 hits, 0 errors, 0 left on base; Baltimore (APP) 0 - Oakland (APP) 1 |
BOTTOM OF THE 3RD |
Oakland (APP) Athletics batting - Pitching for Baltimore (APP) Orioles : RHP Fabiano Ceriani
|
Batting: SHB Robert Santiago
|
0-0: Ball 1-0: Ground out 4-3 (Groundball, 34D, EV 105.0 MPH)
|
Batting: RHB Colin Coleman
|
0-0: Foul Ball, location: 2F 0-1: Ball 1-1: Ball 2-1: Swinging Strike 2-2: Strikes out swinging
|
Batting: RHB Matt Black
|
0-0: Called Strike 0-1: Ball 1-1: Swinging Strike 1-2: Foul Ball, location: 2F 1-2: Strikes out swinging
|
Bottom of the 3rd over - 0 runs, 0 hits, 0 errors, 0 left on base; Baltimore (APP) 0 - Oakland (APP) 1 |
TOP OF THE 4TH |
Baltimore (APP) Orioles batting - Pitching for Oakland (APP) Athletics : RHP Brad Shafer
|
Batting: RHB Mike Zepeda
|
0-0: Called Strike 0-1: Called Strike 0-2: Foul Ball, location: 2F 0-2: Foul Ball, location: 2F 0-2: Ball 1-2: Foul Ball, location: 2F 1-2: SINGLE (Groundball, 6MS, EV 71.2 MPH) (infield hit)
|
Batting: LHB Tomas de Zeeuw
|
0-0: Ball 1-0: Foul Ball, location: 2F 1-1: Hit by Pitch Mike Zepeda to second
|
Batting: RHB Matt O'Dea
|
0-0: Foul Ball, location: 2F 0-1: Foul Ball, location: 2F 0-2: Foul Ball, location: 2F 0-2: Strikes out swinging
|
Batting: RHB Matt Berrier
|
0-0: Ball 1-0: Swinging Strike 1-1: Foul Ball, location: 2F 1-2: Ball Wild Pitch! Mike Zepeda to third Tomas de Zeeuw to second 2-2: Foul Ball, location: 2F 2-2: Strikes out looking
|
Batting: RHB Luis Tovar
|
0-0: Ball 1-0: Ball 2-0: Foul Ball, location: 2F 2-1: Foul Ball, location: 2F 2-2: Ball 3-2: Strikes out swinging
|
Top of the 4th over - 0 runs, 1 hit, 0 errors, 2 left on base; Baltimore (APP) 0 - Oakland (APP) 1 |
BOTTOM OF THE 4TH |
Oakland (APP) Athletics batting - Pitching for Baltimore (APP) Orioles : RHP Fabiano Ceriani
|
Batting: RHB Moses Brokken
|
0-0: Ball 1-0: Called Strike 1-1: Called Strike 1-2: Ball 2-2: Foul Ball, location: 2F 2-2: SOLO HOME RUN (Flyball, 9LD, EV 91.2 MPH), Distance : 345 ft
|
Batting: SHB John Cummings
|
0-0: Called Strike 0-1: Ball 1-1: Called Strike 1-2: Foul Ball, location: 2F 1-2: Strikes out swinging
|
Batting: LHB Miguel Torres
|
0-0: Ball 1-0: Ground out 4-3 (Groundball, 4, EV 80.0 MPH)
|
Batting: RHB Zack DiCicco
|
0-0: Swinging Strike 0-1: Called Strike 0-2: Ball 1-2: Foul Ball, location: 2F 1-2: Ball 2-2: Ball 3-2: Foul Ball, location: 2F 3-2: Foul Ball, location: 2F 3-2: Foul Ball, location: 2F 3-2: Base on Balls
|
Batting: RHB Manny Vizzerra
|
0-0: Ball 1-0: Ball Zack DiCicco steals 2nd base (no throw) 2-0: Ball 3-0: Swinging Strike 3-1: Ground out 6-3 (Groundball, 6, EV 107.5 MPH)
|
Bottom of the 4th over - 1 run, 1 hit, 0 errors, 1 left on base; Baltimore (APP) 0 - Oakland (APP) 2 |
TOP OF THE 5TH |
Baltimore (APP) Orioles batting - Pitching for Oakland (APP) Athletics : RHP Brad Shafer
|
Batting: RHB Danny Ayala
|
0-0: Called Strike 0-1: Ball 1-1: Ball 2-1: SINGLE (Groundball, 6MD, EV 94.4 MPH)
|
Batting: LHB Ralph Braine
|
0-0: Ball 1-0: Called Strike 1-1: Foul Ball, location: 2F 1-2: Ball 2-2: Foul Ball, location: 2F 2-2: Ball 3-2: Strikes out swinging
|
Batting: RHB Tony Godley
|
0-0: SINGLE (Line Drive, 9S, EV 98.8 MPH) Danny Ayala to second Runner from 2nd tries for 3rd, SAFE, throw by RF made to third
|
Batting: RHB Danny Baeza
|
0-0: Called Strike 0-1: Foul Ball, location: 2F 0-2: Foul Ball, location: 2F 0-2: Ball 1-2: Ball 2-2: Ball 3-2: SINGLE (Line Drive, 9S, EV 92.5 MPH) Danny Ayala scores Tony Godley to second Runner from 2nd tries for 3rd, SAFE, throw by RF made to third
|
Batting: RHB Mike Zepeda
|
0-0: Ball Danny Baeza steals 2nd base (no throw) 1-0: Foul Ball, location: 2F 1-1: Fly out, F8 (Flyball, 8RXD, EV 109.4 MPH) Runner from 3rd tags up, SCORES, no throw by CF
|
Batting: LHB Tomas de Zeeuw
|
0-0: Called Strike 0-1: Ground out 4-3 (Groundball, 4M, EV 104.4 MPH)
|
Top of the 5th over - 2 runs, 3 hits, 0 errors, 1 left on base; Baltimore (APP) 2 - Oakland (APP) 2 |
BOTTOM OF THE 5TH |
Oakland (APP) Athletics batting - Pitching for Baltimore (APP) Orioles : RHP Fabiano Ceriani
|
Batting: RHB Brian Callaghan
|
0-0: Ball 1-0: Called Strike 1-1: Ground out 5-3 (Groundball, 5S, EV 90.6 MPH)
|
Batting: SHB Robert Santiago
|
0-0: Called Strike 0-1: Ball 1-1: Foul Ball, location: 2F 1-2: Ball 2-2: Foul Ball, location: 2F 2-2: Foul Ball, location: 2F 2-2: Ball 3-2: Base on Balls
|
Batting: RHB Colin Coleman
|
0-0: Ball 1-0: Ball 2-0: Foul Ball, location: 2F 2-1: SINGLE (Groundball, 56, EV 105.6 MPH) (infield hit) Robert Santiago to second
|
Batting: RHB Matt Black
|
0-0: SINGLE (Groundball, 56D, EV 101.9 MPH) Robert Santiago to third Colin Coleman to second Runner from 3rd tries for Home, throw by LF and OUT! 7-2
|
Batting: RHB Moses Brokken
|
0-0: Ball 1-0: Called Strike 1-1: Ball 2-1: Ball 3-1: Foul Ball, location: 2F 3-2: SINGLE (Groundball, 6M, EV 88.8 MPH) (infield hit) Colin Coleman to third Matt Black to second
|
Batting: SHB John Cummings
|
0-0: Ball 1-0: Ground out U3 (Groundball, 3, EV 101.9 MPH)
|
Bottom of the 5th over - 0 runs, 3 hits, 0 errors, 3 left on base; Baltimore (APP) 2 - Oakland (APP) 2 |
TOP OF THE 6TH |
Baltimore (APP) Orioles batting - Pitching for Oakland (APP) Athletics : RHP Brad Shafer
|
Batting: RHB Matt O'Dea
|
0-0: Ball 1-0: SOLO HOME RUN (Flyball, 7D, EV 102.5 MPH), Distance : 385 ft
|
Pitching: RHP Eric Stevenson
|
|
Batting: RHB Matt Berrier
|
0-0: Ball 1-0: Foul Ball, location: 2F 1-1: Ball 2-1: Ground out 5-3 (Groundball, 56S, EV 70.0 MPH)
|
Batting: RHB Luis Tovar
|
0-0: Called Strike 0-1: Called Strike 0-2: Ball 1-2: Ball 2-2: Foul Ball, location: 2F 2-2: Strikes out swinging
|
Batting: RHB Danny Ayala
|
0-0: Ball 1-0: Ground out 3-1 (Groundball, 34S, EV 83.8 MPH)
|
Top of the 6th over - 1 run, 1 hit, 0 errors, 0 left on base; Baltimore (APP) 3 - Oakland (APP) 2 |
BOTTOM OF THE 6TH |
Oakland (APP) Athletics batting - Pitching for Baltimore (APP) Orioles : RHP Fabiano Ceriani
|
Batting: LHB Miguel Torres
|
0-0: Ball 1-0: Ground out 6-3 (Groundball, 6S, EV 93.8 MPH)
|
Pitching: RHP Jason Vigil
|
|
Batting: RHB Zack DiCicco
|
0-0: SOLO HOME RUN (Line Drive, 78XD, EV 113.1 MPH), Distance : 413 ft
|
Batting: RHB Manny Vizzerra
|
0-0: Called Strike 0-1: Ball 1-1: Ball 2-1: Foul Ball, location: 2F 2-2: Strikes out swinging
|
Batting: RHB Brian Callaghan
|
0-0: Called Strike 0-1: Swinging Strike 0-2: Ground out 6-3 (Groundball, 6M, EV 91.2 MPH)
|
Bottom of the 6th over - 1 run, 1 hit, 0 errors, 0 left on base; Baltimore (APP) 3 - Oakland (APP) 3 |
TOP OF THE 7TH |
Baltimore (APP) Orioles batting - Pitching for Oakland (APP) Athletics : RHP Eric Stevenson
|
Pitching: RHP Lee Ott
|
|
Batting: LHB Ralph Braine
|
0-0: SINGLE (Flyball, 56D, EV 94.4 MPH)
|
Batting: RHB Tony Godley
|
0-0: Called Strike 0-1: Ball 1-1: Ball 2-1: Ball 3-1: Base on Balls Ralph Braine to second
|
Batting: RHB Danny Baeza
|
0-0: Ball 1-0: Fly out, F4 (Flyball, 4D, EV 93.8 MPH)
|
Batting: RHB Mike Zepeda
|
0-0: Called Strike 0-1: 3-RUN HOME RUN (Flyball, 89XD, EV 99.4 MPH), Distance : 396 ft
|
Pitching: RHP Joe Spampinato
|
|
Batting: LHB Tomas de Zeeuw
|
0-0: Foul Ball, location: 2F 0-1: Ball 1-1: Foul Ball, location: 2F 1-2: Foul Ball, location: 2F 1-2: Strikes out looking
|
Batting: RHB Matt O'Dea
|
0-0: Ball 1-0: Hit by Pitch
|
Batting: RHB Matt Berrier
|
0-0: Swinging Strike 0-1: DOUBLE (Flyball, 78XD, EV 91.9 MPH) Matt O'Dea to third
|
Batting: RHB Luis Tovar
|
0-0: Called Strike 0-1: Foul Ball, location: 2F 0-2: Strikes out looking
|
Top of the 7th over - 3 runs, 3 hits, 0 errors, 2 left on base; Baltimore (APP) 6 - Oakland (APP) 3 |
BOTTOM OF THE 7TH |
Oakland (APP) Athletics batting - Pitching for Baltimore (APP) Orioles : RHP Jason Vigil
|
Batting: SHB Robert Santiago
|
0-0: Ball 1-0: Foul Ball, location: 2F 1-1: Reached on error, E4 (Popup, 23, EV 88.1 MPH)
|
Batting: RHB Colin Coleman
|
0-0: Ball 1-0: Ball 2-0: Bunted foul 2-1: Bunt - Flyout to 25! F5
|
Batting: RHB Matt Black
|
0-0: Called Strike Robert Santiago steals 2nd base (no throw) 0-1: Swinging Strike 0-2: Strikes out swinging
|
Batting: RHB Moses Brokken
|
0-0: Called Strike 0-1: Swinging Strike 0-2: Foul Ball, location: 2F 0-2: Strikes out swinging
|
Bottom of the 7th over - 0 runs, 0 hits, 1 error, 1 left on base; Baltimore (APP) 6 - Oakland (APP) 3 |
TOP OF THE 8TH |
Baltimore (APP) Orioles batting - Pitching for Oakland (APP) Athletics : RHP Joe Spampinato
|
Batting: RHB Danny Ayala
|
0-0: Ball 1-0: Foul Ball, location: 2F 1-1: Swinging Strike 1-2: Foul Ball, location: 2F 1-2: Ball 2-2: Strikes out swinging
|
Batting: LHB Ralph Braine
|
0-0: Ball 1-0: Ball 2-0: Called Strike 2-1: Swinging Strike 2-2: Foul Ball, location: 2F 2-2: Ball 3-2: Base on Balls
|
Batting: RHB Tony Godley
|
0-0: Called Strike 0-1: Called Strike 0-2: Strikes out swinging
|
Pitching: RHP Jake Gregor
|
|
Batting: RHB Danny Baeza
|
0-0: Ball 1-0: Ball Ralph Braine steals 2nd base 2-0: Foul Ball, location: 2F 2-1: Foul Ball, location: 2F 2-2: SINGLE (Groundball, 6D, EV 98.8 MPH) Ralph Braine to third Runner from 3rd tries for Home, throw by LF and OUT! 7-2
|
Top of the 8th over - 0 runs, 1 hit, 0 errors, 1 left on base; Baltimore (APP) 6 - Oakland (APP) 3 |
BOTTOM OF THE 8TH |
Oakland (APP) Athletics batting - Pitching for Baltimore (APP) Orioles : RHP Jason Vigil
|
Batting: SHB John Cummings
|
0-0: Swinging Strike 0-1: Swinging Strike 0-2: Ball 1-2: Strikes out swinging
|
Batting: LHB Miguel Torres
|
0-0: Called Strike 0-1: Ball 1-1: Ground out 4-3 (Groundball, 4MS, EV 88.8 MPH)
|
Batting: RHB Zack DiCicco
|
0-0: Called Strike 0-1: Ball 1-1: Foul Ball, location: 2F 1-2: Ball 2-2: Ball 3-2: Foul Ball, location: 2F 3-2: Foul Ball, location: 2F 3-2: SOLO HOME RUN (Flyball, 78XD, EV 102.5 MPH), Distance : 413 ft
|
Batting: RHB Manny Vizzerra
|
0-0: Called Strike 0-1: Foul Ball, location: 2F 0-2: Ball 1-2: Ball 2-2: Ball 3-2: Base on Balls
|
Pitching: RHP Tim Bemish
|
|
Batting: RHB Brian Callaghan
|
0-0: Ball 1-0: Ball 2-0: Called Strike 2-1: Ball 3-1: Called Strike 3-2: Ground out 5-3 (Groundball, 56, EV 81.2 MPH)
|
Bottom of the 8th over - 1 run, 1 hit, 0 errors, 1 left on base; Baltimore (APP) 6 - Oakland (APP) 4 |
TOP OF THE 9TH |
Baltimore (APP) Orioles batting - Pitching for Oakland (APP) Athletics : RHP Jake Gregor
|
Batting: RHB Mike Zepeda
|
0-0: Ball 1-0: Foul Ball, location: 2F 1-1: Ball 2-1: Ball 3-1: Base on Balls
|
Batting: LHB Tomas de Zeeuw
|
0-0: Called Strike 0-1: Swinging Strike 0-2: Ball 1-2: Ball 2-2: Strikes out swinging
|
Batting: RHB Matt O'Dea
|
0-0: Ball 1-0: Foul Ball, location: 2F 1-1: Ball 2-1: Called Strike 2-2: Ball 3-2: Foul Ball, location: 2F 3-2: 2-RUN HOME RUN (Flyball, 9D, EV 93.1 MPH), Distance : 351 ft
|
Batting: RHB Matt Berrier
|
0-0: Ball 1-0: Ball 2-0: Foul Ball, location: 2F 2-1: Swinging Strike 2-2: Strikes out looking
|
Batting: RHB Luis Tovar
|
0-0: Ball 1-0: Ball 2-0: Called Strike 2-1: Ball 3-1: Foul Ball, location: 2F 3-2: Foul Ball, location: 2F 3-2: Strikes out looking
|
Top of the 9th over - 2 runs, 1 hit, 0 errors, 0 left on base; Baltimore (APP) 8 - Oakland (APP) 4 |
BOTTOM OF THE 9TH |
Oakland (APP) Athletics batting - Pitching for Baltimore (APP) Orioles : RHP Tim Bemish
|
Batting: SHB Robert Santiago
|
0-0: Ball 1-0: Called Strike 1-1: Foul Ball, location: 2F 1-2: SINGLE (Line Drive, 56D, EV 95.0 MPH)
|
Batting: RHB Colin Coleman
|
|
Pinch Hitting: LHB Nick Pacheco
|
0-0: Ball 1-0: Foul Ball, location: 2F 1-1: Foul Ball, location: 2F 1-2: Foul Ball, location: 2F 1-2: Strikes out looking
|
Batting: RHB Matt Black
|
0-0: Called Strike 0-1: Ball 1-1: Foul Ball, location: 2F 1-2: Ball 2-2: Strikes out swinging
|
Pitching: RHP Oscar Chacon
|
|
Batting: RHB Moses Brokken
|
0-0: Swinging Strike 0-1: Called Strike 0-2: Foul Ball, location: 2F 0-2: Foul Ball, location: 2F 0-2: 2-RUN HOME RUN (Flyball, 9D, EV 93.1 MPH), Distance : 360 ft
|
Batting: SHB John Cummings
|
0-0: Ball 1-0: Ball 2-0: Ball 3-0: Foul Ball, location: 2F 3-1: SOLO HOME RUN (Flyball, 9LD, EV 93.1 MPH), Distance : 341 ft
|
Batting: LHB Miguel Torres
|
0-0: Ball 1-0: Ball 2-0: Ball 3-0: Called Strike 3-1: SINGLE (Groundball, 4MD, EV 98.1 MPH)
|
Batting: RHB Zack DiCicco
|
0-0: Ball 1-0: Ball 2-0: Called Strike 2-1: Ball 3-1: Foul Ball, location: 2F 3-2: Foul Ball, location: 2F 3-2: Foul Ball, location: 2F 3-2: Base on Balls Miguel Torres to second
|
Pitching: RHP Angel Gonzales
|
|
Batting: RHB Manny Vizzerra
|
0-0: Swinging Strike 0-1: Ball 1-1: Ball 2-1: Fly out, F8 (Flyball, 8RXD, EV 100.6 MPH)
|
Bottom of the 9th over - 3 runs, 4 hits, 0 errors, 2 left on base; Baltimore (APP) 8 - Oakland (APP) 7 |
|